TOP OF THE 1ST |
La Crosse Loggers batting - Pitching for Riverside Red Bulls : RHP Francisco Noguera
|
Pitching: RHP Francisco Noguera
|
|
Batting: RHB Jon Kenney
|
0-0: Called Strike 0-1: Ball 1-1: Reached on error, E6 (Groundball, 6)
|
Batting: LHB Oliver Beltrán
|
0-0: Swinging Strike 0-1: Ball 1-1: Ball 2-1: Foul Ball, location: 2F 2-2: Ball 3-2: Fly out, F2 (Popup, 2LF)
|
Batting: LHB David Doyle
|
0-0: Ball Jon Kenney steals 2nd base 1-0: Called Strike 1-1: Swinging Strike 1-2: Strikes out swinging
|
Batting: LHB Ricardo Ruíz
|
0-0: Swinging Strike 0-1: Ball 1-1: Ball 2-1: Called Strike 2-2: Ball 3-2: Base on Balls
|
Batting: RHB Fraser Stanton
|
0-0: Called Strike 0-1: Foul Ball, location: 2F 0-2: Ball 1-2: Ground out 5-3 (Groundball, 5)
|
Top of the 1st over - 0 run(s), 0 hit(s), 1 error(s), 2 left on base; La Crosse 0 - Riverside 0 |
BOTTOM OF THE 1ST |
Riverside Red Bulls batting - Pitching for La Crosse Loggers : RHP Jaime Martínez
|
Pitching: RHP Jaime Martínez
|
|
Batting: RHB William Richardson
|
0-0: Swinging Strike 0-1: Ground out 6-3 (Groundball, 6M)
|
Batting: RHB Dan Williams
|
0-0: Called Strike 0-1: Ball 1-1: SINGLE (Flyball, 8RS)
|
Batting: RHB Brandon Pope
|
0-0: Ground out 4-3 (Groundball, 4S) Dan Williams to second
|
Batting: RHB Kyle Bacon
|
0-0: Called Strike 0-1: Ball 1-1: Fly out, F9 (Flyball, 89S)
|
Bottom of the 1st over - 0 run(s), 1 hit(s), 0 error(s), 1 left on base; La Crosse 0 - Riverside 0 |
TOP OF THE 2ND |
La Crosse Loggers batting - Pitching for Riverside Red Bulls : RHP Francisco Noguera
|
Batting: LHB Enrique Tirado
|
0-0: Foul Ball, location: 2F 0-1: Ball 1-1: DOUBLE (Line Drive, 78D)
|
Batting: SHB Tony Ojeda
|
0-0: Fly out, F9 (Flyball, 9M) Runner from 2nd tags up, SAFE at 3rd with throw
|
Batting: RHB Kirk Powell
|
0-0: Foul Ball, location: 2F 0-1: Ball 1-1: Ball 2-1: Foul Ball, location: 2F 2-2: Ground out 6-3 (Groundball, 6) Enrique Tirado scores
|
Batting: RHB Robert Barnard
|
0-0: Called Strike 0-1: Foul Ball, location: 2F 0-2: Ball 1-2: Ball 2-2: Strikes out swinging
|
Top of the 2nd over - 1 run(s), 1 hit(s), 0 error(s), 0 left on base; La Crosse 1 - Riverside 0 |
BOTTOM OF THE 2ND |
Riverside Red Bulls batting - Pitching for La Crosse Loggers : RHP Jaime Martínez
|
Batting: RHB Kevin Brown
|
0-0: Swinging Strike 0-1: Ball 1-1: Ball 2-1: Ball 3-1: Base on Balls
|
Batting: LHB Mike Mitchell
|
0-0: Foul Ball, location: 2F 0-1: Called Strike 0-2: Ball 1-2: SINGLE (Groundball, 25) (infield hit) Kevin Brown to second
|
Batting: SHB Chun-yeong Kim
|
0-0: Fly out, F9 (Flyball, 89M)
|
Batting: RHB Earnest Finnegan
|
0-0: Called Strike Kevin Brown steals 3rd base Mike Mitchell to second 0-1: Called Strike 0-2: Ground out 6-3 (Groundball, 6) Kevin Brown scores
|
Batting: RHB Júlio García
|
0-0: Ball 1-0: Called Strike 1-1: Ball 2-1: SINGLE (Line Drive, 4) Mike Mitchell to third Runner from 3rd tries for Home, SAFE, no throw or cutoff
|
Batting: RHB William Richardson
|
0-0: Ball 1-0: Foul Ball, location: 2F 1-1: Ball 2-1: Called Strike 2-2: Ground out 3-1 (Groundball, 3)
|
Bottom of the 2nd over - 2 run(s), 2 hit(s), 0 error(s), 1 left on base; La Crosse 1 - Riverside 2 |
TOP OF THE 3RD |
La Crosse Loggers batting - Pitching for Riverside Red Bulls : RHP Francisco Noguera
|
Batting: RHB Jon Kenney
|
0-0: Called Strike 0-1: Foul Ball, location: 2F 0-2: Foul Ball, location: 2F 0-2: Fly out, F4 (Popup, 4MD)
|
Batting: LHB Oliver Beltrán
|
0-0: Called Strike 0-1: Ball 1-1: Foul Ball, location: 2F 1-2: Foul Ball, location: 2F 1-2: Strikes out swinging
|
Batting: LHB David Doyle
|
0-0: Swinging Strike 0-1: Called Strike 0-2: Foul Ball, location: 2F 0-2: Ball 1-2: Ball 2-2: Foul Ball, location: 2F 2-2: Foul Ball, location: 2F 2-2: Strikes out swinging
|
Top of the 3rd over - 0 run(s), 0 hit(s), 0 error(s), 0 left on base; La Crosse 1 - Riverside 2 |
BOTTOM OF THE 3RD |
Riverside Red Bulls batting - Pitching for La Crosse Loggers : RHP Jaime Martínez
|
Batting: RHB Dan Williams
|
0-0: Called Strike 0-1: SINGLE (Line Drive, 4D)
|
Batting: RHB Brandon Pope
|
0-0: Ball 1-0: Foul Ball, location: 2F 1-1: Ball 2-1: Foul Ball, location: 2F 2-2: Ball 3-2: Foul Ball, location: 2F 3-2: Foul Ball, location: 2F 3-2: Base on Balls Dan Williams to second
|
Batting: RHB Kyle Bacon
|
0-0: Ball 1-0: Ball 2-0: Called Strike 2-1: Reached on Error, E8 (Flyball, 8RM) Dan Williams to third Brandon Pope to second
|
Batting: RHB Kevin Brown
|
0-0: Ball 1-0: Called Strike 1-1: Foul Ball, location: 2F 1-2: Foul Ball, location: 2F 1-2: Fly out, F8 (Flyball, 8LM) Runner from 3rd tags up, SCORES, no throw
|
Batting: LHB Mike Mitchell
|
0-0: Called Strike 0-1: Fielders Choice at 2nd, 4-6 (Groundball, 34) Brandon Pope to third
|
Batting: SHB Chun-yeong Kim
|
0-0: Ball 1-0: Ball 2-0: Ground out 4-3 (Groundball, 4)
|
Bottom of the 3rd over - 1 run(s), 1 hit(s), 1 error(s), 2 left on base; La Crosse 1 - Riverside 3 |
TOP OF THE 4TH |
La Crosse Loggers batting - Pitching for Riverside Red Bulls : RHP Francisco Noguera
|
Batting: LHB Ricardo Ruíz
|
0-0: Called Strike 0-1: Ball 1-1: Ball 2-1: Foul Ball, location: 2F 2-2: Ball 3-2: Foul Ball, location: 2F 3-2: Foul Ball, location: 2F 3-2: Foul Ball, location: 2F 3-2: Fly out, F7 (Flyball, 7S)
|
Batting: RHB Fraser Stanton
|
0-0: Ball 1-0: Ball 2-0: Foul Ball, location: 2F 2-1: Foul Ball, location: 2F 2-2: SINGLE (Line Drive, 34)
|
Batting: LHB Enrique Tirado
|
0-0: Ball 1-0: Foul Ball, location: 2F 1-1: Ball 2-1: Ball 3-1: Fielders Choice at 2nd, 3-6 (Groundball, 34)
|
Batting: SHB Tony Ojeda
|
0-0: Foul Ball, location: 2F 0-1: Ground out 1-3 (Groundball, 15)
|
Top of the 4th over - 0 run(s), 1 hit(s), 0 error(s), 1 left on base; La Crosse 1 - Riverside 3 |
BOTTOM OF THE 4TH |
Riverside Red Bulls batting - Pitching for La Crosse Loggers : RHP Jaime Martínez
|
Batting: RHB Earnest Finnegan
|
0-0: Ball 1-0: Ball 2-0: Foul Ball, location: 2F 2-1: Ball 3-1: Base on Balls
|
Batting: RHB Júlio García
|
0-0: Ball 1-0: Ball 2-0: SINGLE (Groundball, 6) Earnest Finnegan to second
|
Batting: RHB William Richardson
|
0-0: Ball 1-0: DOUBLE (Groundball, 5L) Earnest Finnegan scores Júlio García to third
|
Batting: RHB Dan Williams
|
0-0: Ball 1-0: Called Strike 1-1: Ball 2-1: Ball 3-1: Base on Balls
|
Batting: RHB Brandon Pope
|
0-0: Ball 1-0: SINGLE (Groundball, 34) Júlio García scores William Richardson to third Dan Williams to second
|
Batting: RHB Kyle Bacon
|
0-0: Ball 1-0: Called Strike 1-1: Ball 2-1: Foul Ball, location: 2F 2-2: Ball 3-2: Fly out, F7 (Flyball, 7D) Runner from 3rd tags up, SCORES, no throw
|
Batting: RHB Kevin Brown
|
0-0: Called Strike 0-1: Ball 1-1: SINGLE (Line Drive, 78S) Dan Williams to third Brandon Pope to second
|
Batting: LHB Mike Mitchell
|
0-0: Called Strike 0-1: Ball 1-1: Ball 2-1: Ball 3-1: Base on Balls Dan Williams scores Brandon Pope to third Kevin Brown to second
|
Batting: SHB Chun-yeong Kim
|
0-0: Ball 1-0: Called Strike 1-1: Ball 2-1: Fly out, F7 (Flyball, 7S)
|
Batting: RHB Earnest Finnegan
|
0-0: Ball 1-0: Ball 2-0: Ball 3-0: Called Strike 3-1: Base on Balls Brandon Pope scores Kevin Brown to third Mike Mitchell to second
|
Pitching: LHP Jorge Martínez
|
|
Batting: RHB Júlio García
|
0-0: Called Strike 0-1: Fly out, F9 (Popup, 9LS)
|
Bottom of the 4th over - 5 run(s), 4 hit(s), 0 error(s), 3 left on base; La Crosse 1 - Riverside 8 |
TOP OF THE 5TH |
La Crosse Loggers batting - Pitching for Riverside Red Bulls : RHP Francisco Noguera
|
Batting: RHB Kirk Powell
|
0-0: Called Strike 0-1: Ball 1-1: Foul Ball, location: 2F 1-2: Ball 2-2: Strikes out swinging
|
Batting: RHB Robert Barnard
|
0-0: Called Strike 0-1: Reached on error, E6 (Groundball, 6)
|
Batting: RHB Jon Kenney
|
0-0: Foul Ball, location: 2F 0-1: Called Strike 0-2: Ground out 6-3 (Groundball, 6)
|
Batting: LHB Oliver Beltrán
|
0-0: Swinging Strike 0-1: Ball 1-1: Ground out 4-3 (Groundball, 4)
|
Top of the 5th over - 0 run(s), 0 hit(s), 1 error(s), 1 left on base; La Crosse 1 - Riverside 8 |
BOTTOM OF THE 5TH |
Riverside Red Bulls batting - Pitching for La Crosse Loggers : LHP Jorge Martínez
|
Batting: RHB William Richardson
|
0-0: Foul Ball, location: 2F 0-1: Ball 1-1: Ball 2-1: Ball 3-1: Base on Balls
|
Batting: RHB Dan Williams
|
0-0: Grounds into double play, 6-4-3 (Groundball, 6)
|
Batting: RHB Brandon Pope
|
0-0: Swinging Strike 0-1: Ground out 6-3 (Groundball, 6)
|
Bottom of the 5th over - 0 run(s), 0 hit(s), 0 error(s), 0 left on base; La Crosse 1 - Riverside 8 |
TOP OF THE 6TH |
La Crosse Loggers batting - Pitching for Riverside Red Bulls : RHP Francisco Noguera
|
Batting: LHB David Doyle
|
0-0: Ground out 4-3 (Groundball, 4)
|
Batting: LHB Ricardo Ruíz
|
0-0: Ball 1-0: Called Strike 1-1: Ball 2-1: TRIPLE (Line Drive, 89M)
|
Batting: RHB Fraser Stanton
|
0-0: Ball 1-0: Ball 2-0: Ball 3-0: Called Strike 3-1: Base on Balls
|
Pitching: RHP Emílio Núńez
|
|
Batting: LHB Enrique Tirado
|
0-0: Ground out 3-1 (Groundball, 34) Ricardo Ruíz scores Fraser Stanton to second
|
Batting: SHB Tony Ojeda
|
0-0: Ball 1-0: Ball 2-0: Ball 3-0: Base on Balls
|
Batting: RHB Kirk Powell
|
0-0: Foul Ball, location: 2F 0-1: Hit by Pitch Fraser Stanton to third Tony Ojeda to second
|
Batting: RHB Robert Barnard
|
0-0: Foul Ball, location: 2F 0-1: Ball 1-1: Foul Ball, location: 2F 1-2: Fly out, F7 (Flyball, 78M)
|
Top of the 6th over - 1 run(s), 1 hit(s), 0 error(s), 3 left on base; La Crosse 2 - Riverside 8 |
BOTTOM OF THE 6TH |
Riverside Red Bulls batting - Pitching for La Crosse Loggers : LHP Jorge Martínez
|
Batting: RHB Kyle Bacon
|
0-0: Swinging Strike 0-1: Foul Ball, location: 2F 0-2: Strikes out swinging
|
Batting: RHB Kevin Brown
|
0-0: Ball 1-0: Swinging Strike 1-1: Swinging Strike 1-2: Ball 2-2: Foul Ball, location: 2F 2-2: Foul Ball, location: 2F 2-2: Ball 3-2: Base on Balls
|
Batting: LHB Mike Mitchell
|
0-0: Swinging Strike 0-1: Ball Kevin Brown is caught stealing 2nd base 1-1: Ground out 3-1 (Groundball, 34)
|
Bottom of the 6th over - 0 run(s), 0 hit(s), 0 error(s), 0 left on base; La Crosse 2 - Riverside 8 |
TOP OF THE 7TH |
La Crosse Loggers batting - Pitching for Riverside Red Bulls : RHP Emílio Núńez
|
Batting: RHB Jon Kenney
|
0-0: Called Strike 0-1: Swinging Strike 0-2: Ball 1-2: Strikes out looking
|
Batting: LHB Oliver Beltrán
|
0-0: Foul Ball, location: 2F 0-1: Called Strike 0-2: Ball 1-2: SINGLE (Groundball, 3L)
|
Batting: LHB David Doyle
|
0-0: Called Strike 0-1: Fly out, F4 (Popup, 4MS)
|
Batting: LHB Ricardo Ruíz
|
0-0: Called Strike 0-1: Ball 1-1: Ball 2-1: Ball 3-1: Base on Balls Oliver Beltrán to second
|
Batting: RHB Fraser Stanton
|
0-0: Called Strike 0-1: Fielders Choice at 2nd, U4 (Groundball, 4M)
|
Top of the 7th over - 0 run(s), 1 hit(s), 0 error(s), 2 left on base; La Crosse 2 - Riverside 8 |
BOTTOM OF THE 7TH |
Riverside Red Bulls batting - Pitching for La Crosse Loggers : LHP Jorge Martínez
|
Pitching: RHP Jim Miller
|
|
Batting: SHB Chun-yeong Kim
|
0-0: Ball 1-0: Ball 2-0: Swinging Strike 2-1: Ball 3-1: Foul Ball, location: 2F 3-2: Foul Ball, location: 2F 3-2: Ground out 1-3 (Groundball, 23)
|
Batting: RHB Earnest Finnegan
|
0-0: Ball 1-0: Called Strike 1-1: Ball 2-1: DOUBLE (Line Drive, 6M)
|
Batting: RHB Júlio García
|
0-0: Ball 1-0: Foul Ball, location: 2F 1-1: Swinging Strike 1-2: Ball 2-2: Ball 3-2: Base on Balls
|
Batting: RHB William Richardson
|
0-0: Called Strike 0-1: Foul Ball, location: 2F 0-2: Ball 1-2: Ball 2-2: Ball 3-2: Fly out, F1 (Line Drive, 13S)
|
Batting: RHB Dan Williams
|
0-0: Ball 1-0: Ball 2-0: Ball 3-0: Called Strike 3-1: Foul Ball, location: 2F 3-2: SINGLE (Groundball, 6MD) Earnest Finnegan to third Júlio García to second Earnest Finnegan scores Júlio García to third
|
Batting: RHB Brandon Pope
|
0-0: Foul Ball, location: 2F 0-1: Swinging Strike 0-2: Fly out, F9 (Flyball, 9LM)
|
Bottom of the 7th over - 1 run(s), 2 hit(s), 0 error(s), 2 left on base; La Crosse 2 - Riverside 9 |
TOP OF THE 8TH |
La Crosse Loggers batting - Pitching for Riverside Red Bulls : RHP Emílio Núńez
|
Batting: LHB Enrique Tirado
|
0-0: Called Strike 0-1: Ground out 2-3 (Groundball, 2R)
|
Pitching: RHP Rick Haynes
|
|
Batting: SHB Tony Ojeda
|
0-0: Fly out, F8 (Flyball, 8LM)
|
Batting: RHB Kirk Powell
|
0-0: Ball 1-0: Ball 2-0: Foul Ball, location: 2F 2-1: Foul Ball, location: 2F 2-2: Ball 3-2: Foul Ball, location: 2F 3-2: Strikes out looking
|
Top of the 8th over - 0 run(s), 0 hit(s), 0 error(s), 0 left on base; La Crosse 2 - Riverside 9 |
BOTTOM OF THE 8TH |
Riverside Red Bulls batting - Pitching for La Crosse Loggers : RHP Jim Miller
|
Batting: RHB Kyle Bacon
|
0-0: Ball 1-0: Fly out, F9 (Flyball, 9LM)
|
Pitching: RHP Gregg Lewis
|
|
Batting: RHB Kevin Brown
|
0-0: Ball 1-0: Ball 2-0: Fly out, F9 (Flyball, 9M)
|
Batting: LHB Mike Mitchell
|
0-0: Called Strike 0-1: Ball 1-1: Foul Ball, location: 2F 1-2: Ball 2-2: Ball 3-2: Fly out, F7 (Flyball, 7LM)
|
Bottom of the 8th over - 0 run(s), 0 hit(s), 0 error(s), 0 left on base; La Crosse 2 - Riverside 9 |
TOP OF THE 9TH |
La Crosse Loggers batting - Pitching for Riverside Red Bulls : RHP Rick Haynes
|
Batting: RHB Robert Barnard
|
0-0: Called Strike 0-1: Called Strike 0-2: Foul Ball, location: 2F 0-2: SINGLE (Groundball, 6MD) (infield hit)
|
Batting: RHB Jon Kenney
|
0-0: Ball 1-0: Foul Ball, location: 2F 1-1: Ball 2-1: Ball 3-1: Swinging Strike 3-2: Base on Balls Robert Barnard to second
|
Batting: LHB Oliver Beltrán
|
0-0: Called Strike 0-1: Ball 1-1: Foul Ball, location: 2F 1-2: Foul Ball, location: 2F 1-2: Ball 2-2: Strikes out looking
|
Batting: LHB David Doyle
|
0-0: Called Strike 0-1: Foul Ball, location: 2F 0-2: Ball 1-2: Foul Ball, location: 2F 1-2: Strikes out swinging
|
Batting: LHB Ricardo Ruíz
|
0-0: Ball 1-0: Fly out, F8 (Line Drive, 8RM)
|
Top of the 9th over - 0 run(s), 1 hit(s), 0 error(s), 2 left on base; La Crosse 2 - Riverside 9 |
|